 Dungeon Crawl Stone Soup version 0.32-a0-871-ge202e49faa (webtiles) character file.

Game seed: 2052599734628952237

6099 pokeman the Thaumaturge (level 10, 0/59 HPs)
             Began as a Deep Elf Hedge Wizard on Mar 29, 2024.
             Slain by a vampire mosquito (3 damage)
             ... on level 9 of the Dungeon.
             The game lasted 00:20:25 (9722 turns).

pokeman the Thaumaturge (Deep Elf Hedge Wizard)     Turns: 9722, Time: 00:20:26

Health: 0/59       AC:  8    Str: 10    XL:     10   Next: 58%
Magic:  25/30      EV: 17    Int: 29    God:
Gold:   550        SH:  0    Dex: 14    Spells: 30/38 levels left

rFire   + + .        E - +2 dagger (venom)
rCold   + . .        (no shield)
rNeg    + . .        H - +1 robe {rN+}
rPois   .            y - +0 helmet
rElec   .            m - +0 cloak
rCorr   .            G - +2 pair of gloves
SInv    .            (no boots)
Will    ++...        O - amulet "Dasseotz" {*Corrode Will+ RegenMP+ Str+3 Int+5}
Stlth   ++           o - ring "Caklorugea" {rF++ rC+}
HPRegen 0.29/turn    K - +5 ring of evasion
MPRegen 0.62/turn

%: corrode self (3%)
@: about to teleport, attractive, very slightly contaminated
A: no striking features
a: Convert to Beogh


You were on level 9 of the Dungeon.
You visited 2 branches of the dungeon, and saw 10 of its levels.

You collected 550 gold pieces.

Inventory:

Hand Weapons
 E - a +2 dagger of venom (weapon)
Armour
 m - a +0 cloak (worn)
 q - a scarf of shadows
 y - a +0 helmet (worn)
 D - a +1 scale mail of fire resistance
 G - a +2 pair of gloves (worn)
 H - a +1 robe of positive energy (worn)
Magical Staves
 B - a staff of air
Jewellery
 l - an amulet of faith
 o - the ring "Caklorugea" (left hand) {rF++ rC+}
   (You found it on level 2 of the Dungeon)

   [ring of protection from cold]

   rF++:      It greatly protects you from fire.
   rC+:       It protects you from cold.
 I - an amulet of the acrobat
 K - a +5 ring of evasion (right hand)
 M - a +6 ring of intelligence
 N - a ring of fire
 O - the amulet "Dasseotz" (around neck) {*Corrode Will+ RegenMP+ Str+3 Int+5}
   (You took it off an orc wizard on level 9 of the Dungeon)

   [amulet of magic regeneration]

   It increases your rate of magic regeneration.
   Str+3:     It affects your strength (+3).
   Int+5:     It affects your intelligence (+5).
   Will+:     It increases your willpower.
   *Corrode:  It may corrode you when you take damage.
   RegenMP+:  It increases your rate of magic regeneration.
Wands
 b - a wand of flame (20)
 s - a wand of paralysis (12)
Scrolls
 g - 8 scrolls of teleportation
 j - 3 scrolls of poison {unknown}
 k - 2 scrolls of fear {unknown}
 n - a scroll of immolation {unknown}
 t - 4 scrolls of revelation {unknown}
 u - 2 scrolls of amnesia {unknown}
 v - 7 scrolls of identify
 A - 4 scrolls of enchant armour {unknown}
 C - 2 scrolls of noise {unknown}
 J - a scroll of enchant weapon {unknown}
Potions
 a - 2 potions of mutation {unknown}
 c - 2 potions of haste {unknown}
 d - a potion of magic
 e - 3 potions of attraction
 f - a potion of berserk rage {unknown}
 h - 3 potions of might {unknown}
 i - 4 potions of lignification {unknown}
 p - 3 potions of brilliance {unknown}
 r - a potion of curing {unknown}
 x - a potion of invisibility {unknown}
 z - 3 potions of heal wounds {unknown}
 F - 2 potions of degeneration {unknown}
 L - a potion of cancellation {unknown}
Miscellaneous
 w - a box of beasts


   Skills:
 - Level 5.1 Fighting
 + Level 4.0 Armour
 - Level 3.0 Dodging
 - Level 3.0 Stealth
 * Level 14.8 Spellcasting
 + Level 8.6 Conjurations
 - Level 1.1 Summonings
 - Level 1.1 Translocations
 - Level 1.0 Air Magic
 - Level 1.0 Alchemy
 - Level 1.0 Evocations


You had 30 spell levels left.
You knew the following spells:

 Your Spells              Type           Power      Damage    Failure   Level
a - Magic Dart            Conj           100%       1d8       1%          1
b - Mephitic Cloud        Conj/Alch/Air  42%        N/A       1%          3
c - Call Imp              Summ           54%        N/A       2%          2
d - Blink                 Tloc           54%        N/A       2%          2

Your spell library contained the following spells:

 Spells                   Type           Power      Damage    Failure   Level
 Searing Ray              Conj           100%       2d8       1%          2
 Necrotise                Necr           84%        1d8       2%          1
 Slow                     Hex            84%        N/A       2%          1
 Cigotuvi's Dreadful Rot  Necr/Alch/Air  50%        N/A       2%          2
 Fulminant Prism          Conj/Alch      24%        3d12      3%          4
 Fugue of the Fallen      Necr           21%        N/A       7%          3


Dungeon Overview and Level Annotations

Branches:
Dungeon (9/15)             Temple (1/1) D:6
   Lair: D:8-11         Orc: D:9-12

Altars:
Ashenzari
Cheibriados
Dithmenos
Elyvilon
Gozag
Hepliaklqana
Makhleb
Okawaru
Qazlal
Uskayaw
Wu Jian
Xom
Yredelemnul
Zin
The Shining One

Shops:
D:3 (

Annotations:
D:2 Book behind rock
D:4 1 runed translucent door, TwadoKnight's ghost, amateur MiFi
D:5 Loot behind rock
D:6 3 runed translucent doors, DeathSocks's ghost, weakling VSDe


Message History

The entropy weaver hits you!
The entropy weaver completely misses you.
The entropy weaver barely misses you.
Unknown command.
Casting: Mephitic Cloud (safe; 1% risk of failure)
Confirm with . or Enter, or press ? or * to list all spells.
Okay, then.
Aiming: Throw Flame
Press: ? - help, Shift-Dir - straight line, f/p - entropy weaver
Aim: an entropy weaver shaped shifter (56% to hit)
The puff of flame misses the entropy weaver.
The puff of flame hits the orc warrior.
The orc warrior is moderately wounded.
You feel ready to blink again. The entropy weaver hits you!
* * * LOW HITPOINT WARNING * * *
The entropy weaver misses you. The entropy weaver closely misses you.
The entropy weaver misses you.
The orc priest invokes the aid of Beogh against you.
Beogh smites you!
* * * LOW HITPOINT WARNING * * *
Unknown command.
Casting: Mephitic Cloud (safe; 1% risk of failure)
Confirm with . or Enter, or press ? or * to list all spells.
You blink.
Found a runed robe.
The water moccasin hisses angrily.
Unknown command.
As you read the scroll labelled ROADOSTECU, it crumbles to dust.
It is a scroll of identify.
g - 9 scrolls of teleportation
As you read the scroll of teleportation, it crumbles to dust.
You feel strangely unstable.
Unknown command.
The vampire mosquito attacks as it pursues you!
The vampire mosquito closely misses you.
The vampire mosquito bites you but does no damage.
It was a potion of attraction.
You feel attractive to monsters.
You feel ready to blink again. The vampire mosquito bites you.
You die...

..'...)~~..................#
..##.##~#########...o#######
..[#.#### ####..###
...#S######### ##...#
...#.......... ......o...'....
.###.†#...###########J#...#....
.#............... ...o..... ..
.#.######Q(..######....#.o.##
.#.#.........#..@yoo.o......
.#.#.........#......##.......
.#.#......T..#..S...##. ......
.#.#.....Q...#.........
.#.#.........#....#....#
.#.....................#
#..........÷..##......#
#.............##......#
#....................[#


You could see an orc warrior, a water moccasin, a vampire mosquito, an orc
priest and 2 orcs.

Vanquished Creatures
  A boulder beetle (D:9)
  2 tengu warriors (D:9)
  A troll (D:9)
  Prince Ribbit (D:5)
  A wyvern (D:8)
  A wraith (D:9)
  A golden eye (shapeshifter) (D:9)
  Duvessa (D:5)
  2 water moccasins
  4 ice beasts
  A sky beast (D:6)
  A black bear (D:5)
  2 orc warriors
  2 ogres
  A centaur (D:6)
  A phantom (D:5)
  A kobold brigand (D:8)
  6 bullfrogs
  2 scorpions
  8 wights (D:8)
  Dowan (D:5)
  4 bombardier beetles
  2 jellies (D:4)
  8 hounds
  4 orc priests
  A sleepcap (D:6)
  4 iguanas
  7 orc wizards
  Robin (D:4)
  3 gnolls (D:4)
  9 adders
  A shadow imp (D:5)
  3 dart slugs
  4 ribbon worms
  34 orcs
  12 endoplasms
  3 giant cockroaches
  21 goblins
  9 hobgoblins
  3 quokkas
  11 ball pythons
  6 bats
  2 frilled lizards
  11 kobolds
  6 rats
210 creatures vanquished.

Vanquished Creatures (collateral kills)
  A gnoll (D:4)
  A ribbon worm (D:3)
  An endoplasm (D:2)
  A hobgoblin (D:4)
  A rat (D:2)
5 creatures vanquished.

Grand Total: 215 creatures vanquished

Notes
Turn   | Place    | Note
-------+----------+-------------------------------------------
     0 | D:1      | pokeman the Deep Elf Hedge Wizard began the quest for the
                  | Orb.
     0 | D:1      | Reached XP level 1. HP: 10/10 MP: 7/7
   203 | D:1      | Reached XP level 2. HP: 12/15 MP: 0/9
   456 | D:1      | Reached skill level 5 in Spellcasting
   833 | D:1      | Reached XP level 3. HP: 20/20 MP: 8/11
   837 | D:1      | Learned a level 3 spell: Mephitic Cloud
   840 | D:1      | Learned a level 2 spell: Call Imp
   843 | D:1      | Learned a level 2 spell: Blink
  1257 | D:2      | HP: 1/20 [ribbon worm (8)]
  1261 | D:2      | Reached skill level 1 in Fighting
  1261 | D:2      | Reached skill level 1 in Armour
  1265 | D:2      | HP: 1/20 [rat (2)]
  1703 | D:2      | Identified the ring "Caklorugea" {rF++ rC+}
  1883 | D:3      | Reached XP level 4. HP: 25/25 MP: 6/13
  2230 | D:3      | Found Xuntuas's Antique Weapon Emporium.
  2504 | D:3      | Reached skill level 6 in Spellcasting
  2881 | D:3      | Reached XP level 5. HP: 29/29 MP: 10/15
  3568 | D:4      | Reached XP level 6. HP: 35/35 MP: 3/17
  3699 | D:4      | Reached skill level 7 in Spellcasting
  3856 | D:4      | Noticed Robin
  3900 | D:4      | Killed Robin
  4156 | D:4      | Found a runed translucent door.
  4166 | D:4      | Noticed TwadoKnight's ghost (amateur MiFi)
  4396 | D:5      | Entered Level 5 of the Dungeon
  4470 | D:5      | Reached XP level 7. HP: 40/40 MP: 12/20
  4541 | D:5      | Reached skill level 1 in Air Magic
  4541 | D:5      | Reached skill level 1 in Alchemy
  4541 | D:5      | Reached skill level 1 in Evocations
  4585 | D:5      | Noticed Duvessa
  4602 | D:5      | Noticed Prince Ribbit
  4607 | D:5      | Noticed Dowan
  4612 | D:5      | Killed Duvessa
  4613 | D:5      | Reached skill level 8 in Spellcasting
  4622 | D:5      | Killed Prince Ribbit
  4629 | D:5      | Killed Dowan
  4786 | D:5      | Reached skill level 9 in Spellcasting
  4832 | D:5      | Reached XP level 8. HP: 41/45 MP: 17/23
  4896 | D:5      | Reached skill level 5 in Conjurations
  5686 | D:5      | Reached skill level 10 in Spellcasting
  6160 | D:6      | Noticed DeathSocks's ghost (weakling VSDe)
  6166 | D:6      | Found a runed translucent gate.
  6166 | D:6      | Found a runed translucent gate.
  6166 | D:6      | Found a runed translucent gate.
  6240 | D:6      | Reached skill level 11 in Spellcasting
  6257 | D:6      | Reached XP level 9. HP: 46/50 MP: 12/26
  6726 | D:6      | Found a staircase to the Ecumenical Temple.
  6741 | Temple   | Entered the Ecumenical Temple
  7220 | D:7      | Reached skill level 12 in Spellcasting
  8303 | D:8      | Reached skill level 13 in Spellcasting
  9170 | D:9      | Reached XP level 10. HP: 56/56 MP: 29/29
  9304 | D:9      | Got the Directory of the Loathsome Blink Frog
  9313 | D:9      | Noticed a tengu warrior
  9316 | D:9      | Noticed a boulder beetle
  9316 | D:9      | Noticed a tengu warrior
  9338 | D:9      | Killed a tengu warrior
  9361 | D:9      | Reached skill level 14 in Spellcasting
  9572 | D:9      | Noticed a fire crab
  9574 | D:9      | a fire crab changed into a hound
  9591 | D:9      | Killed a tengu warrior
  9606 | D:9      | Identified the amulet "Dasseotz" {*Corrode Will+ RegenMP+
                  | Str+3 Int+5}
  9696 | D:9      | Killed a boulder beetle
  9697 | D:9      | Reached skill level 5 in Fighting
  9714 | D:9      | a wyvern changed into an entropy weaver
  9714 | D:9      | Noticed an entropy weaver (shapeshifter)
  9717 | D:9      | HP: 2/59 [orc priest/divine providence (9)]
  9722 | D:9      | Slain by a vampire mosquito

Illustrated notes

Levels and vault maps discovered:
D:1:      spicycebolla_arrival_risky_transporter, layout_basic
D:2:      layout_rooms, item_on_display_a
D:3:      minmay_octagon_keep, layout_basic, serial_shops, shop,
          minmay_snake_closets
D:4:      layout_rooms, ebering_ghost_sewer_d, corexii_shack, uniq_robin
D:5:      layout_cave_pods, serial_library_hellmonk_small_alcove,
          grunt_ministairs_13, due_unseen_surprise, uniq_prince_ribbit1,
          uniq_duvessa
D:6:      layout_basic, minmay_temple_entry_stoned_glass, gammafunk_ghost_split,
          minmay_misc_feat_nine_boxes, nicolae_the_louvre
D:7:      layout_rooms
D:8:      layout_basic
D:9:      minmay_cut_squares, layout_basic, mainiacjoe_overflow_tiny_flanked,
          mainiacjoe_overflow_brackets, kennysheep_orc_sif_temple
Temple:   nicolae_temple_bog_church

Skill      XL: |  1  2  3  4  5  6  7  8  9 10 |
---------------+-------------------------------+-----
Spellcasting   | 5 6 7 9 11 13 14 | 14.8
Fighting       | 1 2 3 4 5 |  5.1
Armour         | 1 2 3 4 |  4.0
Conjurations   | 2 3 4 6 7 8 |  8.6
Dodging        | 3 |  3.0
Stealth        | 3 |  3.0
Air Magic      | 1 |  1.0
Alchemy        | 1 |  1.0
Evocations     | 1 |  1.0
Summonings     | |  1.1
Translocations | |  1.1

Action                     |  1- 3 |  4- 6 |  7- 9 | 10-12 || total
---------------------------+-------+-------+-------+-------++-------
  Melee: Dagger            |    30 |    61 |   200 |    28 ||   319
   Cast: Magic Dart        |   120 |   148 |   195 |    27 ||   490
         Call Imp          |     3 |     4 |    16 |     3 ||    26
         Mephitic Cloud    |     2 |     9 |    32 |     9 ||    52
         Blink             |       |     1 |     3 |     2 ||     6
  Evoke: Wand              |       |       |     1 |     2 ||     3
    Use: Scroll            |       |       |       |     2 ||     2
         Potion            |       |       |       |     1 ||     1
   Stab: Confused          |     5 |     8 |    16 |     4 ||    33
         Sleeping          |       |     1 |       |       ||     1
         Paralysed         |       |       |     4 |     5 ||     9
 Armour: Robe              |    17 |    31 |   113 |    22 ||   183
  Dodge: Dodged            |    18 |    50 |   162 |    24 ||   254

Table legend: (Time is in decaauts)
 A = Elapsed time spent in this place.
 B = Non-inter-level travel time spent in this place.
 C = Inter-level travel time spent in this place.
 D = Time resting spent in this place.
 E = Time spent auto-exploring this place.
 F = Levels seen in this place.
 G = Mean time per level.
                   A        B        C        D        E       F      G
               +--------+--------+--------+--------+--------+-----+--------+
         Total |   9744 |   9472 |    272 |    389 |   7399 |  10 |  974.4 |
       Dungeon |   9742 |   9470 |    272 |    389 |   7399 |   9 | 1082.4 |
        Temple |      1 |      1 |      0 |      0 |      0 |   1 |    1.0 |
               +--------+--------+--------+--------+--------+-----+--------+

Top non-repeatable levels by time:
     D:3: 1897 daAuts
     D:8: 1468 daAuts
     D:5: 1449 daAuts
     D:6: 1352 daAuts
     D:1: 1015 daAuts
     D:4: 765 daAuts
     D:2: 718 daAuts
     D:9: 541 daAuts
     D:7: 533 daAuts
  Temple: 1 daAuts
